 Dungeon Crawl Stone Soup version 0.31.0-32-g396128a36d (webtiles) character file.

Game seed: 7180126467032102475

382 firemarshallily the Ruffian (level 6, -17/61 HPs)
             Began as a Troll Gladiator on Apr 21, 2024.
             Was a Believer of Okawaru.
             Demolished by an ogre
             ... wielding a +0 giant spiked club
              (31 damage)
             ... on level 4 of the Dungeon.
             The game lasted 00:06:00 (3241 turns).

firemarshallily the Ruffian (Troll Gladiator)       Turns: 3241, Time: 00:06:01

Health: -17/61     AC:  4    Str: 23    XL:     6   Next: 47%
Magic:  5/5        EV: 10    Int:  4    God:    Okawaru [**....]
Gold:   152        SH:  5    Dex: 13    Spells: 5/5 levels left

rFire   . .          .
                       - Unarmed
rCold   . . .        (no shield)
rNeg    + . .        a - +0 robe
rPois   .            b - +0 hat
rElec   .            (no cloak)
rCorr   .            (gloves unavailable)
SInv    .            (boots unavailable)
Will    .....        t - amulet of reflection
Stlth   +            m - ring of positive energy
HPRegen 1.10/turn    (no ring)
MPRegen 0.09/turn

%: reflection
@: no status effects
A: large, unfitting armour, claws 3, regeneration 1, shaggy fur 1, tough skin 1
a: Renounce Religion, Heroism


You were on level 4 of the Dungeon.
You worshipped Okawaru.
Okawaru was pleased with you.
You visited 1 branch of the dungeon, and saw 4 of its levels.

You collected 152 gold pieces.

Inventory:

Missiles
 c - 3 throwing nets
 d - a large rock (quivered)
 o - 4 poisoned darts
Armour
 a - a +0 robe (worn)
 b - a +0 hat (worn)
Jewellery
 m - a ring of positive energy (left claw)
 t - an amulet of reflection (around neck)
Talismans
 i - a blade talisman
 u - a maw talisman
Scrolls
 g - 2 scrolls of vulnerability {unknown}
 h - a scroll of revelation {unknown}
 l - 2 scrolls of teleportation {unknown}
 p - a scroll of blinking {unknown}
 r - a scroll of noise {unknown}
 s - a scroll of identify {unknown}
Potions
 e - 2 potions of invisibility {unknown}
 f - 4 potions of mutation {unknown}
 j - 2 potions of haste {unknown}
 k - a potion of degeneration {unknown}
 n - 3 potions of heal wounds {unknown}
 q - 3 potions of curing {unknown}
 v - a potion of enlightenment {unknown}
 w - a potion of might {unknown}


   Skills:
 * Level 3.5 Fighting
 - Level 2.8 Throwing
 + Level 3.2 Dodging
 * Level 5.0 Unarmed Combat
 - Level 0.1 Shapeshifting


You had 5 spell levels left.
You didn't know any spells.
Your spell library contained the following spells:

 Spells                   Type           Power      Damage    Failure   Level
 Slow                     Hex            0%         N/A       50%         1
 Ensorcelled Hibernation  Hex/Ice        0%         N/A       65%         2
 Confusing Touch          Hex            0%         N/A       86%         3
 Passwall                 Erth           0%         N/A       86%         3
 Sigil of Binding         Hex            0%         N/A       86%         3
 Swiftness                Air            0%         N/A       86%         3
 Vampiric Draining        Necr           0%         2d6       86%         3


Dungeon Overview and Level Annotations

Branches:
Dungeon (4/15)
 Temple: D:4-7

Altars:
Okawaru

Annotations:
D:4 3 runed translucent doors, AbbaRin's ghost, amateur DECj; booth's ghost, amateur GrMo; tizbic2's ghost, novice FoHu


Innate Abilities, Weirdness & Mutations

You are too large for most types of armour.
You have claws for hands.
Your natural rate of healing is unusually fast.
You are covered in fur. (AC +1)
You have tough skin. (AC +1)


Message History

You claw the goblin!
You kill the goblin!
Okawaru accepts your kill.
Your Unarmed Combat skill increases to level 5!
No target in view!
w - a bubbling amethyst potion
Found a stone staircase leading up.
Found a stone staircase leading down.
f - 4 sedimented grey potions (gained 1)
A dart slug comes into view.
A dart slug is nearby!
The dart slug briefly extends its eye-stalks.
The dart slug bites you but does no damage.
You claw the dart slug!
You kill the dart slug!
Okawaru accepts your kill.
No target in view!
No target in view!
You see here a dart slug corpse.
An ogre comes into view. It is wielding a +0 giant spiked club.
The ogre shouts!
An ogre is nearby!
The ogre hits you with a +0 giant spiked club!!
Ouch! That really hurt!
You see here 3 scrolls labelled WALUDEVOLIO.
You are too injured to fight recklessly!
You are too injured to fight recklessly!
You are too injured to fight recklessly!
You are too injured to fight recklessly!
You fail to use your ability.
The ogre barely misses you.
You scratch the ogre but do no damage. You claw the ogre!
The ogre is moderately wounded.
The ogre hits you with a +0 giant spiked club!!
* * * LOW HITPOINT WARNING * * *
You scratch the ogre.
The ogre is heavily wounded.
The ogre hits you with a +0 giant spiked club!!
Ouch! That really hurt!
You die...

#.....# #..# ...###
#....# #..# ....#
###...# #..# #...
#.....># #..# #..
.....<.## ##..# ##.
....#...# #...## # ##
#####...###....######..#
### ##................##
..###†..........@O.....#
#
.......####...########..
# .......# ##..# ##
#......# #..# . ##.
#.....## ##.## ..#####..
......# #..# .........
..#...# ##.## ##........
..#...#
#..#######...####..#
.##...# ##...........
##..


You could see an ogre.

Vanquished Creatures
  An ogre (D:4)
  A phantom (D:4)
  Jessica (D:2)
  Terence (D:2)
  2 orc wizards
  3 adders
  A white imp (D:4)
  3 dart slugs
  12 orcs
  6 ball pythons
  5 bats
  4 endoplasms
  5 giant cockroaches
  2 goblins
  3 hobgoblins
  5 jackals
  3 quokkas (D:4)
  2 frilled lizards
  4 kobolds
  11 rats
75 creatures vanquished.

Notes
Turn   | Place    | Note
-------+----------+-------------------------------------------
     0 | D:1      | firemarshallily the Troll Gladiator began the quest for the
                  | Orb.
     0 | D:1      | Reached XP level 1. HP: 19/19 MP: 0/0
   131 | D:1      | Found a faded altar of an unknown god.
   145 | D:1      | Reached XP level 2. HP: 28/28 MP: 1/1
   150 | D:1      | Prayed at the altar of an unknown god.
   150 | D:1      | Became a worshipper of Warmaster Okawaru
   150 | D:1      | Reached * piety under Okawaru
  1146 | D:2      | Reached XP level 3. HP: 33/35 MP: 2/2
  1358 | D:2      | Noticed Jessica
  1374 | D:2      | Killed Jessica
  1375 | D:2      | Reached XP level 4. HP: 39/44 MP: 3/3
  1839 | D:2      | Noticed Terence
  1844 | D:2      | Killed Terence
  2002 | D:3      | Reached skill level 4 in Unarmed Combat
  2129 | D:3      | Reached XP level 5. HP: 52/52 MP: 4/4
  2540 | D:4      | Noticed a phantom
  2558 | D:4      | Killed a phantom
  2558 | D:4      | Reached ** piety under Okawaru
  2622 | D:4      | Noticed an ogre
  2628 | D:4      | Killed an ogre
  2629 | D:4      | Reached XP level 6. HP: 61/61 MP: 2/5
  2992 | D:4      | Found a runed translucent gate.
  2993 | D:4      | Found a runed translucent gate.
  2994 | D:4      | Found a runed translucent gate.
  2996 | D:4      | Noticed tizbic2's ghost (novice FoHu)
  2996 | D:4      | Noticed booth's ghost (amateur GrMo)
  2996 | D:4      | Noticed AbbaRin's ghost (amateur DECj)
  3166 | D:4      | Reached skill level 5 in Unarmed Combat
  3241 | D:4      | Demolished by an ogre

Illustrated notes

Levels and vault maps discovered:
D:1:      reono_arrival_forest_river, layout_basic,
          nicolae_ecumenical_snake_handling
D:2:      layout_basic, uniq_jessica, uniq_terence
D:3:      layout_loops_ring
D:4:      layout_layer_cave, gammafunk_ghost_cemetery, uniq_crazy_yiuf_cottage

Skill      XL: |  1  2  3  4  5  6 |
---------------+-------------------+-----
Throwing       | 2 |  2.8
Fighting       | 2 3 |  3.5
Unarmed Combat | 4 5 |  5.0
Dodging        | 3 |  3.2
Shapeshifting  | |  0.1

Action                     |  1- 3 |  4- 6 || total
---------------------------+-------+-------++-------
  Melee: Unarmed           |    77 |   130 ||   207
         Punch             |     1 |     4 ||     5
 Invoke: Heroism           |       |     1 ||     1
   Stab: Sleeping          |     1 |     2 ||     3
         Distracted        |       |     1 ||     1
 Armour: Robe              |    53 |    94 ||   147
  Dodge: Dodged            |    34 |    53 ||    87
  Block: Other             |       |     5 ||     5
